Map: Sanctuary III LE

Players

Arrogfire - Winner!

  • Race: Protoss Protoss
  • League: Master
  • Spawn Location: 1:00

sebesdes

  • Race: Protoss Protoss
  • League: Grandmaster
  • Spawn Location: 7:00

Event: HomeStory Cup XXIX

VOD

Have the link to the VOD?

Description

Time

  • Played on: July 3, 2026, 1:15 p.m.
  • Length: 10:11

All games in this series

Show
View Real Time Build Order
Export as new Build Order

Arrogfire Protoss - Winner!

Build Orders:  

Get SALT Encoding   

  8  0:00  Probe (Chrono Boost)  
  9  0:12  Probe (Chrono Boost)  
  10  0:19  Probe (Chrono Boost)  
  11  0:26  Probe  
  12  0:31  Pylon  
  12  0:38  Probe  
  13  0:50  Probe  
  13  0:54  Gateway  
  14  1:03  Probe (Chrono Boost)  
  15  1:05  Assimilator  
  15  1:13  Probe (Chrono Boost)  
  15  1:15  Assimilator  
  15  1:18  Probe (Chrono Boost)  
  17  1:29  Probe  
  18  1:33  Gateway  
  18  1:41  Probe  
  19  1:48  Cybernetics Core  
  19  1:53  Probe  
  20  2:00  Pylon  
  20  2:05  Probe  
  21  2:18  Probe  
  22  2:25  Robotics Facility  
  22  2:27  Adept (Chrono Boost)  
  24  2:32  Adept (Chrono Boost)  
  24  2:35  Warp Gate  
  26  2:40  Probe  
  27  2:46  Pylon  
  29  3:02  Adept (Chrono Boost)  
  29  3:03  Adept (Chrono Boost)  
  31  3:12  Warp Prism (Chrono Boost)  
  33  3:24  Gateway  
  33  3:41  Gateway  
  33  3:50  Immortal (Chrono Boost)  
  37  4:06  Gateway  
  37  4:17  Pylon  
  37  4:35  Stalker x3  
  43  4:58  Sentry  
  45  5:00  Pylon  
  45  5:10  Twilight Council  
  43  5:27  Stalker x4  
  45  5:49  Blink (Chrono Boost)  
  39  5:51  Warp Prism (Chrono Boost)  
  39  5:56  Stalker  
  43  5:59  Sentry  
  45  6:08  Stalker  
  46  6:17  Stalker  
  48  6:24  Stalker  
  48  6:40  Stalker  
  48  6:43  Stalker  
  52  6:52  Pylon  
  52  7:10  Stalker x2  
  52  7:11  Stalker  
  56  7:16  Stalker  
  56  7:18  Pylon  
  56  7:31  Stalker  
  56  7:36  Stalker  
  60  7:42  Stalker  
  54  7:59  Stalker x2  
  44  8:27  Stalker x3  
  34  8:53  Stalker x3  
  34  8:54  Zealot  
  38  9:11  Warp Prism (Chrono Boost)  
  34  9:26  Stalker x2  
  38  9:40  Stalker  
  38  9:41  Stalker  
Show
View Real Time Build Order
Export as new Build Order

sebesdes Protoss 

Build Orders:  

Get SALT Encoding   

  8  0:00  Probe (Chrono Boost)  
  9  0:12  Probe (Chrono Boost)  
  10  0:18  Probe (Chrono Boost)  
  11  0:26  Probe  
  12  0:32  Pylon  
  12  0:38  Probe  
  13  0:51  Probe  
  14  1:03  Probe (Chrono Boost)  
  16  1:12  Probe (Chrono Boost)  
  16  1:17  Probe (Chrono Boost)  
  16  1:25  Nexus  
  17  1:35  Gateway  
  17  1:39  Probe  
  18  1:44  Assimilator  
  18  1:49  Assimilator  
  18  1:52  Probe  
  19  2:00  Pylon  
  19  2:04  Probe  
  20  2:16  Forge  
  20  2:23  Cybernetics Core  
  20  2:26  Probe (Chrono Boost)  
  21  2:37  Probe (Chrono Boost)  
  23  2:44  Probe (Chrono Boost)  
  23  2:47  Probe (Chrono Boost)  
  23  2:50  Photon Cannon  
  24  2:59  Stargate  
  24  3:05  Stalker (Chrono Boost)  
  26  3:14  Shield Battery  
  26  3:16  Probe  
  27  3:24  Stalker (Chrono Boost)  
  28  3:27  Probe  
  29  3:34  Shield Battery  
  29  3:44  Void Ray (Chrono Boost)  
  33  3:59  Probe  
  34  4:05  Photon Cannon  
  34  4:06  Pylon  
  34  4:09  Sentry (Chrono Boost)  
  36  4:15  Shield Battery  
  36  4:19  Probe  
  36  4:20  Probe  
  38  4:29  Sentry (Chrono Boost)  
  40  4:31  Probe  
  40  4:33  Probe  
  42  4:44  Probe  
  43  4:45  Void Ray  
  47  4:53  Probe  
  47  4:56  Probe  
  49  5:04  Photon Cannon  
  49  5:05  Probe, Pylon  
  50  5:14  Probe, Pylon  
  50  5:23  Probe  
  50  5:26  Probe  
  49  5:28  Void Ray (Chrono Boost)  
  49  5:35  Probe  
  52  5:39  Probe  
  53  5:47  Probe  
  54  5:51  Probe  
  55  5:59  Probe  
  55  6:00  Assimilator  
  55  6:01  Stalker  
  55  6:02  Warp Gate  
  55  6:03  Probe  
  59  6:08  Void Ray (Chrono Boost)  
  59  6:17  Probe  
  64  6:21  Probe  
  64  6:24  Assimilator  
  65  6:26  Pylon  
  65  6:29  Gateway  
  65  6:30  Gateway  
  65  6:32  Probe  
  66  6:41  Void Ray (Chrono Boost)  
  66  6:44  Probe  
  71  6:49  Pylon  
  71  6:50  Pylon  
  71  6:51  Probe  
  72  6:58  Probe  
  73  7:03  Probe  
  73  7:07  Stalker  
  76  7:10  Probe  
  76  7:12  Pylon  
  76  7:15  Probe  
  78  7:16  Void Ray (Chrono Boost)  
  78  7:22  Stalker x2  
  86  7:38  Probe  
  87  7:45  Pylon  
  87  7:51  Void Ray (Chrono Boost)  
  85  7:59  Probe, Protoss Ground Weapons Level 1 (Chrono Boost), Stalker x2  
  85  8:03  Twilight Council  
  85  8:04  Probe  
  89  8:11  Probe  
  86  8:15  Stalker  
  66  8:27  Stalker  
  66  8:29  Probe  
  73  8:39  Stalker  
  67  8:42  Probe  
  59  8:56  Probe  
  59  8:59  Gateway  
  59  9:00  Probe, Gateway  
  61  9:03  Stalker x2  
  51  9:19  Void Ray  
  49  9:25  Stalker, Zealot  
  49  9:30  Probe x2  
  47  9:42  Probe x2  
  48  9:47  Stalker x2  
  48  9:48  Stalker  
  48  9:52  Stalker  
  56  9:54  Probe  
Tags
 
Add a new tag
Caveats
  • Supply blocks, unpowered buildings, or Contaminate may cause inaccurate times.
  • Supply counts are checked every 10 seconds.